 Dungeon Crawl Stone Soup version 0.20-a0-1025-g4706f7e (webtiles) character file.

76 Gorglomux the Insei (level 3, -4/27 HPs)
             Began as a Demigod Transmuter on Apr 19, 2017.
             Slain by Sigmund
             ... wielding a +0 scythe
              (8 damage)
             ... on level 3 of the Dungeon.
             The game lasted 00:03:23 (1786 turns).

Gorglomux the Insei (Demigod Transmuter)            Turns: 1786, Time: 00:03:24

Health: -4/27      AC:  2    Str: 13    XL:     3   Next: 89%
Magic:  4/8        EV: 12    Int: 24    God:
Gold:   104        SH:  0    Dex: 16    Spells: 3/6 levels left

rFire    . . .     SeeInvis .     - Unarmed
rCold    . . .     Gourm    .   (no shield)
rNeg     . . .     Faith    .   b - +0 robe
rPois    .         Spirit   .   (no helmet)
rElec    .         Reflect  .   (no cloak)
rCorr    .         Harm     .   (no gloves)
MR       .....                  (no boots)
Stlth    +.........             (no amulet)
Regen    0.1/turn               p - ring of flight {+Fly, !d}
MPRegen  0.2/turn               (no ring)

@: brilliant
A: high mp 1
a: Evoke Flight


You were on level 3 of the Dungeon.
You were hungry.

You visited 1 branch of the dungeon, and saw 3 of its levels.

You collected 104 gold pieces.

Inventory:

Missiles
 a - 72 arrows
Armour
 b - a +0 robe (worn)
 i - a +0 helmet
   (You found it on level 1 of the Dungeon)
Jewellery
 p - a ring of flight (left hand) {+Fly, !d}
   (You found it on level 3 of the Dungeon)
Scrolls
 e - a scroll of fog {unknown}
 f - a scroll of magic mapping {unknown}
 g - 3 scrolls of teleportation {unknown}
 h - 3 scrolls of identify {unknown}
 m - a scroll of recharging {unknown}
 q - 2 scrolls of blinking {unknown}
 r - a scroll of enchant armour {unknown}
Potions
 n - a potion of agility {unknown}
 o - a potion of curing
 t - a potion of mutation {unknown}
Books
 c - a book of Changes
Comestibles
 d - 4 bread rations {@e1@e1}
 j - a meat ration {@e2@e2}
 s - 5 chunks of flesh {@w0@w0}


   Skills:
 - Level 0.8 Fighting
 - Level 1.7 Dodging
 - Level 4.2 Unarmed Combat
 + Level 2.0 Spellcasting
 + Level 2.1 Transmutations


You had 3 spell levels left.
You knew the following spells:

 Your Spells              Type           Power        Failure   Level  Hunger
a - Beastly Appendage     Tmut           ####..       1%          1    #......
s - Sticks to Snakes      Tmut           ####....     1%          2    ##.....


Dungeon Overview and Level Annotations

Branches:
Dungeon (2/15)

Annotations:
D:3 Sigmund


Innate Abilities, Weirdness & Mutations

You have an increased reservoir of magic. (+10% MP)


Message History

You hit Terence. You claw Terence.
Your adder bites Terence but does no damage.
Terence hits you with a short sword.
Your ball python bites Terence but does no damage.
Your ball python constricts Terence.
Your adder bites Terence.
You take 4 damage, and have 23/27 hp.
You hit Terence but do no damage.
Your transformation is almost over.
Your ball python completely misses Terence.
Your ball python constricts Terence.
Terence barely misses you.
Your adder bites Terence but does no damage.
You catch the helpless Terence completely off-guard!
You hit Terence.
Your ball python completely misses Terence.
Your ball python constricts Terence.
Terence misses you.
Your adder bites Terence but does no damage.
You hit Terence but do no damage. You claw Terence, but do no damage.
Your ball python bites Terence.
Terence dies!
Your Spellcasting skill increases to level 2!
Your Transmutations skill increases to level 2!
Your ball python looks stronger.
t - a viscous pink potion
Things that are here:
a short sword; a scale mail; the human corpse of Terence You butcher the human corpse of Terence.
s - 5 chunks of flesh {@w0@w0} (gained 3)
Things that are here:
a short sword; a scale mail; the human skeleton of Terence Your talons disappear.
g - 3 scrolls labeled UCHUVYA YSTRAN (gained 1) Sigmund the Dreaded comes into view.
He is wielding a scythe.
Sigmund is nearby!
Unknown command.
Your ball python withers and dies!
What are your orders? t - Shout!
Orders for allies: a - Attack new target. r - Retreat! s - Stop attacking. g - Guard the area. f - Follow me.
Anything else - Cancel.
Gang up on whom?
Aim: Sigmund, wielding a scythe and wearing a robe (resting) Attack!
Sigmund shouts!
Your adder bites Sigmund.
Sigmund gestures wildly while chanting.
Sigmund flickers and vanishes!
Deactivating autopickup; reactivate with Ctrl-A.
Something hits you!
You take 10 damage, and have 15/27 hp.
MASSIVE DAMAGE!!
A magic dart appears from out of thin air!
The magic dart hits your adder. What are your orders? t - Shout!
Orders for allies: a - Attack new target. r - Retreat! s - Stop attacking. g - Guard the area. f - Follow me.
Anything else - Cancel.
Guard this area!
Your adder withers and dies!
Unknown command.
A magic dart appears from out of thin air!
The magic dart hits you!
* * * LOW HITPOINT WARNING * * *
You take 9 damage, and have 7/27 hp.
MASSIVE DAMAGE!!
Casting: Sticks to Snakes You create a snake!
You now have 73 arrows.
You now have 5/8 mp.
Casting: Sticks to Snakes You create a snake!
You now have 72 arrows.
You are feeling hungry.
You now have 3/8 mp.
Unknown command.
Unknown command.
You swap places.
It was a potion of curing.
You feel better. Something hits you!
It was a potion of brilliance.
You feel clever all of a sudden. Something hits you.
* * * LOW HITPOINT WARNING * * *
You take 2 damage, and have 7/27 hp.
It was a potion of heal wounds.
You feel much better.
You hear some strange, mumbled words.
Your adder appears confused.
Health restored: 27 Something hits you.
You take 5 damage, and have 22/27 hp.
Something hits you.
You take 2 damage, and have 20/27 hp.
You closely miss something. You hit something. Something hits you!
Ouch! That really hurt!
* * * LOW HITPOINT WARNING * * *
You take 16 damage, and have 4/27 hp.
MASSIVE DAMAGE!!
You swap places.
Something hits you!
You die...

######### #.......###
#.###.....#
#.###.....#######
#.#.#...........#
#.........###.#.############
#.#.#.....##...@S{.........#
#.#.##...##.S)..##########.#
##.#.###.####...## #.#
.........# ##.## #.#
.###.#.### #.# #.# .# #.#.#
#.# #.# .# #.#.# ##+## #.#
.# #.#.# ##...## #.# .#
#.#.# ##.....##


You could see a friendly adder (confused) and a friendly ball python.

Vanquished Creatures
  Natasha (D:3)
  An adder (D:2)
  A dart slug (D:2)
  2 leopard geckos (D:1)
  2 bats (D:1)
  6 goblins
  A hobgoblin (D:3)
  4 kobolds (D:1)
  2 frilled lizards (D:1)
  A rat (D:3)
21 creatures vanquished.

Vanquished Creatures (collateral kills)
  Terence (D:3)
1 creature vanquished.

Grand Total: 22 creatures vanquished

Notes
Turn   | Place    | Note
-------+----------+-------------------------------------------
     0 | D:1      | Gorglomux the Demigod Transmuter began the quest for the Orb.
     0 | D:1      | Reached XP level 1. HP: 15/15 MP: 5/5
   284 | D:1      | Reached skill level 3 in Unarmed Combat
   358 | D:1      | Reached XP level 2. HP: 7/22 MP: 5/7
  1202 | D:2      | Learned a level 2 spell: Sticks to Snakes
  1478 | D:2      | You fall through a shaft!
  1552 | D:3      | Noticed Natasha
  1563 | D:3      | Killed Natasha
  1563 | D:3      | Reached skill level 4 in Unarmed Combat
  1563 | D:3      | Reached XP level 3. HP: 13/27 MP: 5/8
  1708 | D:3      | Noticed Terence
  1743 | D:3      | Killed Terence
  1743 | D:3      | Reached skill level 2 in Spellcasting
  1743 | D:3      | Reached skill level 2 in Transmutations
  1760 | D:3      | Noticed Sigmund
  1785 | D:3      | HP: 4/27 [something (16)]
  1786 | D:3      | Slain by Sigmund

Vault maps used:
D:1:      kennysheep_arrival_forest
D:2:      lemuel_crystal_altar
D:3:      first_bread, columned_hall_lemuel, uniq_terence, uniq_natasha,
          uniq_sigmund, uniq_crazy_yiuf_cottage

Skill      XL: |  1  2  3 |
---------------+----------+-----
Unarmed Combat | 3 4 |  4.2
Spellcasting   | 2 |  2.0
Transmutations | 2 |  2.1
Fighting       | |  0.8
Dodging        | |  1.7

Action                   || total
-------------------------++-------
Melee: Unarmed           ||    71
       Kick              ||     9
       Headbutt          ||     2
       Punch             ||     1
 Cast: Beastly Appendage ||    20
       Sticks to Snakes  ||     6
  Use: Potion            ||     3
 Stab: Sleeping          ||     1
       Distracted        ||     1
  Eat: Chunk             ||     3
Armor: Robe              ||    11
Dodge: Dodged            ||    41

Vault maps used:
D:1:      kennysheep_arrival_forest
D:2:      lemuel_crystal_altar
D:3:      first_bread, columned_hall_lemuel, uniq_terence, uniq_natasha,
          uniq_sigmund, uniq_crazy_yiuf_cottage

Table legend:
 A = Turns spent in this place as a percentage of turns spent in the entire game.
 B = Non-inter-level travel turns spent in this place as a percentage of non-inter-level travel turns spent in the entire game.
 C = Inter-level travel turns spent in this place as a percentage of turns spent in this place.
 D = Turns resting spent in this place as a percentage of non-inter-level travel turns spent in this place.
 E = Turns spent auto-exploring this place as a percentage of non-inter-level travel turns spent in this place.
 F = Non-inter-level travel turns spent in this place divided by the number of levels of this place that you've seen.
                   A       B       C       D       E      F
               +-------+-------+-------+-------+-------+----------------------
         Total | 100.0 | 100.0 |   0.3 |   4.5 |  11.4 | 119.7
       Dungeon | 100.0 | 100.0 |   0.3 |   4.5 |  11.4 | 119.7
               +-------+-------+-------+-------+-------+----------------------

Table legend:
 A = Kills in this place as a percentage of kills in entire the game.
 B = Kills by you in this place as a percentage of kills by you in the entire game.
 C = Kills by friends in this place as a percentage of kills by friends in the entire game.
 D = Other kills in this place as a percentage of other kills in the entire game.
 E = Experience gained in this place as a percentage of experience gained in the entire game.
 F = Experience gained in this place divided by the number of levels of this place that you have seen.
                   A       B       C       D       E      F
               +-------+-------+-------+-------+-------+----------------------
         Total | 100.0 | 100.0 | 100.0 |  -nan | 100.0 |  36.3
       Dungeon | 100.0 | 100.0 | 100.0 |  -nan | 100.0 |  36.3
               +-------+-------+-------+-------+-------+----------------------
